[Event "Titled Tuesday Blitz December 7 2021"]
[White "Kretchetov, Alexandre"]
[Black "Gelman, Alexander"]
[WhiteFideId "4124588"]
[BlackFideId "4118316"]
[WhiteElo "2465"]
[BlackElo "2709"]
[Result "1-0"]
[Round "08"]
[TimeControl "180+1"]
[Date "2021.12.07"]
[WhiteClock "0:00:21"]
[BlackClock "0:00:04"]

1. d4 Nf6 2. c4 c5 3. d5 b5 4. Nd2 b4 5. e4 d6 6. a3 Nbd7 7. f4 g6 8. Ngf3 Bg7 9. Bd3 O-O 10. O-O a5 11. Qe1 e6 12. dxe6 fxe6 13. e5 dxe5 14. fxe5 Ng4 15. Qe4 Ndxe5 16. Nxe5 Nxe5 17. Rxf8+ Bxf8 18. Qxa8 Qd4+ 19. Kh1 Nxd3 20. Ne4 Qxe4 21. Qxe4 Nf2+ 22. Kg1 Nxe4 23. axb4 axb4 24. Ra8 Bb7 25. Rb8 Nd6 26. Bh6 Bc8 27. Bf4 Nxc4 28. Rxc8 Kf7 29. Bc1 Bd6 30. h3 Be5 31. Kf1 Nxb2 32. Rxc5 Nd3 33. Rc6 b3 34. Ba3 b2 35. Rb6 Bd4 36. Rb7+ Kf6 37. Ke2 Nf4+ 38. Kf3 e5 39. Bxb2 Bxb2 40. Rxb2 h5 41. Ke4 1-0


[Site "https://www.chess.com"]

[Event "Titled Tuesday Blitz December 7 2021"]
[White "Krivonosov, Oleg"]
[Black "Mitusov, Semen"]
[WhiteFideId "11600349"]
[BlackFideId "14151049"]
[WhiteElo "2739"]
[BlackElo "2587"]
[Result "1-0"]
[Round "08"]
[TimeControl "180+1"]
[Date "2021.12.07"]
[WhiteClock "0:00:12"]
[BlackClock "0:00:17"]

1. Nf3 d5 2. d4 Bf5 3. c4 e6 4. Qb3 Nc6 5. Bd2 Rb8 6. cxd5 exd5 7. Nc3 Nf6 8. Bg5 Bb4 9. e3 O-O 10. Be2 Be6 11. O-O Be7 12. Rac1 h6 13. Bxf6 Bxf6 14. Na4 Ne7 15. Nc5 Bg4 16. h3 Bh5 17. Rfe1 Qc8 18. Qc2 c6 19. b4 Qd8 20. a4 Qd6 21. Ne5 Bxe2 22. Rxe2 Bxe5 23. dxe5 Qc7 24. e6 Rbd8 25. exf7+ Kxf7 26. b5 Rd6 27. Qb3 Kg8 28. Ne4 Rg6 29. bxc6 bxc6 30. Ng3 Kh7 31. Qc2 Kh8 32. e4 d4 33. Qd3 c5 34. Rec2 Rc6 35. Rc4 Ng6 36. Qc2 Ne5 37. Rxc5 Rxc5 38. Qxc5 Qxc5 39. Rxc5 Re8 40. Rd5 d3 41. f4 Nc4 42. Rxd3 Nb6 43. a5 Nc4 44. a6 Re6 45. e5 Rxa6 46. Rd8+ Kh7 47. Rd7 Ra1+ 48. Kh2 Ne3 49. Nh5 Nf1+ 50. Kg1 Ng3+ 51. Kf2 Nxh5 52. e6 Nf6 53. Rf7 Ra6 54. f5 Ra4 55. g4 Re4 56. Kf3 Re1 57. Rxa7 Nd5 58. Rd7 Nf6 59. Rf7 h5 60. g5 Nd5 61. f6 Kg6 62. Rxg7+ Kf5 63. e7 Nc7 64. Rg8 Rf1+ 65. Kg2 Re1 66. f7 Rxe7 67. f8=Q+ Ke6 68. Qxe7+ Kxe7 69. Rg7+ Kd6 70. Rxc7 Kxc7 71. Kg3 Kd7 72. Kh4 Ke6 73. Kxh5 Kf7 74. g6+ Kg8 75. Kg5 Kg7 76. h4 Kg8 77. h5 Kg7 78. h6+ Kh8 79. Kf5 Kg8 80. Kf6 Kh8 81. g7+ Kg8 82. Ke7 Kh7 83. Kf7 Kxh6 84. g8=Q Kh5 85. Kf6 Kh6 86. Qg6# 1-0


[Site "https://www.chess.com"]

[Event "Titled Tuesday Blitz December 7 2021"]
[White "Le, Tuan Minh"]
[Black "Leitao, Rafael"]
[WhiteFideId "12401153"]
[BlackFideId "2101246"]
[WhiteElo "2931"]
[BlackElo "2711"]
[Result "0-1"]
[Round "08"]
[TimeControl "180+1"]
[Date "2021.12.07"]
[WhiteClock "0:00:02"]
[BlackClock "0:00:36"]

1. d4 d5 2. Nf3 Nf6 3. Bf4 e6 4. e3 Bd6 5. Nbd2 O-O 6. c3 b6 7. Bd3 Bb7 8. O-O Nbd7 9. a4 Ne4 10. a5 Bxf4 11. exf4 c5 12. Re1 Ndf6 13. a6 Bc6 14. Ne5 Qc7 15. Ndf3 Nd6 16. Nxc6 Qxc6 17. Ne5 Qc7 18. Re3 Rac8 19. Rh3 g6 20. Rg3 Nf5 21. Bxf5 exf5 22. Re3 Rfe8 23. h3 Re6 24. Qa4 Ne4 25. Rd1 c4 26. Qb5 Rd6 27. f3 Ng3 28. Rde1 Nh5 29. g4 Nxf4 30. gxf5 Qd8 31. Nxf7 Kxf7 32. Re8 Qg5+ 33. Kf2 Qg2+ 0-1


[Site "https://www.chess.com"]

[Event "Titled Tuesday Blitz December 7 2021"]
[White "Leiva, Gianmarco"]
[Black "Ibrahimli, Murad"]
[WhiteFideId "3804399"]
[BlackFideId "13410229"]
[WhiteElo "2704"]
[BlackElo "2828"]
[Result "1/2-1/2"]
[Round "08"]
[TimeControl "180+1"]
[Date "2021.12.07"]
[WhiteClock "0:00:04"]
[BlackClock "0:00:09"]

1. e4 c5 2. Nf3 d6 3. Bb5+ Nd7 4. a4 Nf6 5. Nc3 e6 6. d4 cxd4 7. Qxd4 Be7 8. Be2 O-O 9. O-O a6 10. Rd1 b6 11. Nd2 Bb7 12. Nc4 d5 13. exd5 exd5 14. Bf3 Bc5 15. Qh4 Ne4 16. Qxd8 Raxd8 17. Nxe4 dxe4 18. Be2 Nf6 19. Be3 Bxe3 20. Nxe3 g6 21. Rxd8 Rxd8 22. Rd1 Rxd1+ 23. Bxd1 Kf8 24. Be2 Ke7 25. Kf1 Nd7 26. Ke1 f5 27. g3 Nc5 28. b3 Kd6 29. Kd2 Ne6 30. Kc3 Bc8 31. b4 Nd8 32. Nc4+ Kc7 33. a5 b5 34. Ne5 Kd6 35. f4 Ne6 36. h4 Bb7 37. Nf7+ Ke7 38. Ng5 Nf8 39. Kd2 h6 40. Nh3 Ne6 41. Nf2 Nd4 42. c3 Ne6 43. Nd1 Kd6 44. Ne3 Ng7 45. Bd1 g5 46. hxg5 hxg5 47. fxg5 Ke5 48. Bb3 Nh5 49. g4 fxg4 50. Nxg4+ Kf4 51. Nf6 Kxg5 52. Nxh5 Kxh5 53. Ke3 Kg5 54. Be6 Kf6 55. Bd7 Ke5 56. Bh3 Kd5 57. Bf1 Bc6 58. Kf4 Bb7 59. Be2 Bc6 60. Bf1 Bb7 61. Ke3 Ke5 62. Be2 Kd5 63. Bf1 1/2-1/2


[Site "https://www.chess.com"]

[Event "Titled Tuesday Blitz December 7 2021"]
[White "Lin, Dachey"]
[Black "Colbow, Collin"]
[WhiteFideId "2029650"]
[BlackFideId "16201132"]
[WhiteElo "2592"]
[BlackElo "2418"]
[Result "0-1"]
[Round "08"]
[TimeControl "180+1"]
[Date "2021.12.07"]
[WhiteClock "0:00:15"]
[BlackClock "0:00:09"]

1. Nc3 c5 2. e4 Nc6 3. f4 g6 4. Nf3 Bg7 5. Bc4 e6 6. f5 Nge7 7. fxe6 fxe6 8. d3 O-O 9. O-O d5 10. Bb3 d4 11. Ne2 Na5 12. Ba4 Bd7 13. Bxd7 Qxd7 14. Qe1 Nac6 15. Qh4 Ne5 16. Bf4 N7c6 17. Qh3 Nxf3+ 18. Rxf3 Rf7 19. Raf1 Raf8 20. a3 Ne5 21. Bxe5 Bxe5 22. Rxf7 Rxf7 23. Rf3 b5 24. Qg4 c4 25. Qg5 Rxf3 26. gxf3 Bg7 27. Qc5 cxd3 28. cxd3 h6 29. f4 e5 30. fxe5 Qg4+ 31. Kf2 Qh4+ 32. Ng3 Qxh2+ 33. Kf3 h5 34. Qxd4 h4 35. Ne2 Bxe5 36. Qd5+ Kh7 37. d4 Qh3+ 38. Kf2 Bg3+ 39. Ke3 Be1+ 40. Kf4 Qh2+ 41. Kf3 Qf2+ 42. Kg4 Qxe2+ 43. Kg5 Qh5+ 44. Kf6 Qxd5 45. exd5 h3 46. d6 Bh4+ 0-1


[Site "https://www.chess.com"]

[Event "Titled Tuesday Blitz December 7 2021"]
[White "Maly, Alexey"]
[Black "Gaehwiler, Gabriel"]
[WhiteFideId "14103184"]
[BlackFideId "1314530"]
[WhiteElo "2826"]
[BlackElo "2701"]
[Result "1/2-1/2"]
[Round "08"]
[TimeControl "180+1"]
[Date "2021.12.07"]
[WhiteClock "0:01:37"]
[BlackClock "0:01:07"]

1. d4 Nf6 2. c4 g6 3. Nc3 Bg7 4. e4 O-O 5. Be2 d6 6. Nf3 e5 7. O-O Bg4 8. d5 a5 9. Ne1 Bd7 10. Be3 Na6 11. Nd3 b6 12. a3 a4 13. f3 Nc5 14. Nxc5 bxc5 15. Rb1 Nh5 16. g3 f5 17. Bf2 Bh6 18. exf5 Bxf5 19. Bd3 Ng7 20. Ne4 Bd7 21. Kg2 Nf5 22. Qe2 Qc8 23. Kg1 Nd4 24. Bxd4 exd4 25. f4 Bg4 26. Qd2 Bf5 27. Rfe1 1/2-1/2


[Site "https://www.chess.com"]

[Event "Titled Tuesday Blitz December 7 2021"]
[White "Manafov, Vugar"]
[Black "Savchenko, Boris"]
[WhiteFideId "13410814"]
[BlackFideId "4147332"]
[WhiteElo "2908"]
[BlackElo "2854"]
[Result "1-0"]
[Round "08"]
[TimeControl "180+1"]
[Date "2021.12.07"]
[WhiteClock "0:01:29"]
[BlackClock "0:01:10"]

1. d4 Nf6 2. c4 g6 3. Nc3 d5 4. cxd5 Nxd5 5. e4 Nxc3 6. bxc3 Bg7 7. Bc4 c5 8. Be3 Qa5 9. Ne2 cxd4 10. Bxd4 Bxd4 11. Qxd4 O-O 12. h4 Nc6 13. Qe3 Ne5 14. Bb3 Ng4 15. Qg3 Nf6 16. f3 b6 17. h5 Nxh5 18. Qh2 e5 19. g4 Nf6 20. Qh6 Be6 21. Bxe6 fxe6 22. g5 Nh5 23. Rxh5 gxh5 24. g6 hxg6 25. Qxg6+ Kh8 26. Qxh5+ Kg7 27. O-O-O Qc5 28. Rd7+ 1-0


[Site "https://www.chess.com"]

[Event "Titled Tuesday Blitz December 7 2021"]
[White "Manukian, Artak"]
[Black "Kepeshchuk, Mykhaylo"]
[WhiteFideId "13301373"]
[BlackFideId "14113139"]
[WhiteElo "2409"]
[BlackElo "2279"]
[Result "0-1"]
[Round "08"]
[TimeControl "180+1"]
[Date "2021.12.07"]
[WhiteClock "0:01:38"]
[BlackClock "0:00:57"]

1. e4 c5 2. Nf3 d6 3. Bb5+ Bd7 4. Bxd7+ Qxd7 5. c4 Nc6 6. Nc3 Nf6 7. d4 cxd4 8. Nxd4 Nxd4 9. Qxd4 g6 10. Bg5 Bg7 11. Qd2 Qe6 12. O-O Qxc4 13. Rac1 O-O 14. Nd5 Qxe4 15. Bxf6 Bxf6 16. Rfe1 Qa4 17. Nxf6+ exf6 18. Qxd6 Kg7 19. a3 Rfe8 20. Qg3 Rxe1+ 21. Rxe1 Re8 22. Rxe8 Qd1+ 0-1


[Site "https://www.chess.com"]

[Event "Titled Tuesday Blitz December 7 2021"]
[White "Martin, Lewis"]
[Black "Nguyen Hong Nhung"]
[WhiteFideId "410551"]
[BlackFideId "12412201"]
[WhiteElo "2145"]
[BlackElo "1661"]
[Result "1-0"]
[Round "08"]
[TimeControl "180+1"]
[Date "2021.12.07"]
[WhiteClock "0:00:21"]
[BlackClock "0:00:02"]

1. e4 c5 2. Nf3 e6 3. d4 cxd4 4. Nxd4 Nc6 5. Nc3 Qc7 6. g3 a6 7. Nde2 Nf6 8. Bg2 Be7 9. O-O O-O 10. Bf4 d6 11. h3 b5 12. a3 Bb7 13. Qd2 Rac8 14. Rad1 Rfd8 15. g4 Na5 16. b3 Ne8 17. Qe3 Bf6 18. Rd3 Nc6 19. Rfd1 b4 20. Nb1 bxa3 21. Nxa3 Nb4 22. R3d2 Qc6 23. Nc4 d5 24. exd5 Nxd5 25. Qg3 Qb5 26. Be5 Be7 27. Na3 Bxa3 28. c4 Qa5 29. cxd5 Bxd5 30. Ra2 Bxg2 31. Rxd8 Qxd8 32. Qxg2 Qe7 33. Qe4 a5 34. Nd4 Bb4 35. Nc6 Qb7 36. Rc2 Qa6 37. Nb8 1-0


[Site "https://www.chess.com"]

[Event "Titled Tuesday Blitz December 7 2021"]
[White "Mirzoev, Azer"]
[Black "Vidit, Santosh Gujrathi"]
[WhiteFideId "13400304"]
[BlackFideId "5029465"]
[WhiteElo "2719"]
[BlackElo "2999"]
[Result "0-1"]
[Round "08"]
[TimeControl "180+1"]
[Date "2021.12.07"]
[WhiteClock "0:00:02"]
[BlackClock "0:00:04"]

1. d4 Nf6 2. Nf3 d5 3. Bf4 c5 4. e3 e6 5. c3 Bd6 6. Nbd2 O-O 7. Bg3 Qc7 8. Bd3 Nbd7 9. O-O e5 10. dxe5 Nxe5 11. Nxe5 Bxe5 12. Bxe5 Qxe5 13. h3 Rd8 14. Re1 Be6 15. Bf1 Qc7 16. Qc2 a6 17. a3 Rac8 18. Rad1 h6 19. Bd3 b5 20. Bf5 Re8 21. Bxe6 Rxe6 22. a4 Qc6 23. axb5 axb5 24. Ra1 Rce8 25. Red1 Nd7 26. Nf3 Nb6 27. Ra7 Nc8 28. Ra5 Nd6 29. Rda1 Rg6 30. Ra6 Qd7 31. Ra7 Qe6 32. R1a6 Rf6 33. Qd1 Qf5 34. b4 c4 35. Qd4 Qd3 36. Ra1 Qc2 37. Qd2 Qf5 38. Nd4 Qg5 39. Qc2 Rg6 40. f4 Qg3 41. Qf2 Qxe3 42. f5 Rg3 43. Qxe3 Rgxe3 44. R1a6 Rd8 45. Nc6 Rde8 0-1


[Site "https://www.chess.com"]

[Event "Titled Tuesday Blitz December 7 2021"]
[White "Myshakov, Fyodor"]
[Black "Vakhlamov, Igor L."]
[WhiteFideId "14111284"]
[BlackFideId "24126748"]
[WhiteElo "2564"]
[BlackElo "2730"]
[Result "0-1"]
[Round "08"]
[TimeControl "180+1"]
[Date "2021.12.07"]
[WhiteClock "0:01:14"]
[BlackClock "0:01:56"]

1. c4 c5 2. Nc3 Nf6 3. Nf3 Nc6 4. g3 d5 5. cxd5 Nxd5 6. Bg2 Nc7 7. O-O e5 8. d3 Be7 9. Nd2 Bd7 10. b3 O-O 11. Bb2 Re8 12. Nd5 Nxd5 13. Bxd5 Bh3 14. Bg2 Qd7 15. Ne4 Rad8 16. Rc1 b6 17. Qc2 Bxg2 18. Kxg2 f5 19. Nc3 Nd4 20. Qd2 Qb7+ 21. f3 Bf6 22. e4 h6 23. Nd5 Bg5 24. f4 exf4 25. gxf4 fxe4 26. fxg5 Qxd5 27. Bxd4 e3+ 0-1


[Site "https://www.chess.com"]

[Event "Titled Tuesday Blitz December 7 2021"]
[White "Nakamura, Hikaru"]
[Black "Jobava, Baadur"]
[WhiteFideId "2016192"]
[BlackFideId "13601520"]
[WhiteElo "3147"]
[BlackElo "2942"]
[Result "1/2-1/2"]
[Round "08"]
[TimeControl "180+1"]
[Date "2021.12.07"]
[WhiteClock "0:00:05"]
[BlackClock "0:00:06"]

1. Nf3 Nf6 2. b3 d5 3. Bb2 c6 4. g3 Bf5 5. Bg2 e6 6. d3 h6 7. Ne5 Nbd7 8. Nxd7 Qxd7 9. Nd2 Be7 10. e4 Bh7 11. e5 Ng8 12. O-O a5 13. a3 Bd8 14. Qe2 Ne7 15. Rfd1 O-O 16. c4 Bc7 17. d4 Rfd8 18. c5 b5 19. Re1 Rf8 20. Nf1 a4 21. b4 Kh8 22. Ne3 Rae8 23. Rad1 Nf5 24. Ng4 h5 25. Ne3 Nxe3 26. fxe3 h4 27. gxh4 f6 28. e4 fxe5 29. dxe5 Qe7 30. Qg4 Kg8 31. h5 dxe4 32. Bxe4 Bf5 33. Qg3 Bxe4 34. Rxe4 Rf5 35. h6 Rg5 36. Rg4 gxh6 37. Rxg5+ Qxg5 38. Qxg5+ hxg5 39. Rd7 Bb8 40. Kg2 Rf8 41. Kg3 Rf7 42. Rd8+ Rf8 43. Rxf8+ Kxf8 44. Kg4 Bc7 45. Kxg5 Kg7 46. Kh5 Kh7 47. Bd4 Kg7 48. Kg5 Bd8+ 49. Kg4 Kg6 50. Be3 Bc7 51. Bf4 Bd8 52. h4 Bc7 53. Bg3 Kh7 54. h5 Kg7 55. Bf4 Kh7 56. Kh4 Kg7 57. Kh3 Kh7 58. Kg4 Kg7 59. Kf3 Kh7 60. Bg3 Kh6 61. Kg4 Kh7 62. Bf4 Kg7 63. Kf3 Kh7 64. Ke4 Bd8 65. Ke3 Bh4 66. Kf3 Be1 67. Bc1 Bc3 68. Kg4 Bxe5 69. Kg5 Bg7 70. Kg4 Bf6 71. Kf3 Bg7 72. Ke4 Bf6 73. Kf3 Bg7 74. Kg4 Bf6 75. Kg3 Bg7 76. Kf3 Bf6 77. Ke4 Bg7 78. Kd3 Bf6 79. Ke4 Bg7 80. Kd3 Bf6 81. Ke4 1/2-1/2


[Site "https://www.chess.com"]

[Event "Titled Tuesday Blitz December 7 2021"]
[White "Navalgund, Niranjan"]
[Black "Kadam, Om Manish"]
[WhiteFideId "5030854"]
[BlackFideId "45076294"]
[WhiteElo "2457"]
[BlackElo "2611"]
[Result "0-1"]
[Round "08"]
[TimeControl "180+1"]
[Date "2021.12.07"]
[WhiteClock "0:01:09"]
[BlackClock "0:01:21"]

1. d4 Nf6 2. Nf3 g6 3. g3 Bg7 4. Bg2 O-O 5. O-O d5 6. Ne5 c6 7. c4 Ng4 8. Nxg4 Bxg4 9. cxd5 cxd5 10. h3 Be6 11. Nc3 Nc6 12. e3 Qd7 13. Kh2 f6 14. Qb3 Rfd8 15. Bd2 Bf7 16. Rfd1 Rac8 17. Be1 a6 18. Na4 Qd6 19. Qxb7 Rb8 20. Qxa6 Ra8 21. Qb5 Rdb8 22. Nb6 Na7 23. Qa5 Qxb6 24. Bxd5 Qxa5 25. Bxf7+ Kxf7 26. Bxa5 Rxb2 27. Rd2 Rxd2 28. Bxd2 Nb5 29. a4 Nd6 30. Kg2 f5 31. a5 Nc4 32. Bc3 e5 33. Ra4 exd4 34. exd4 Nd6 35. a6 Bf8 36. d5 Ne4 37. Be5 Nc5 38. Rc4 Rxa6 39. d6 Nd7 40. Rc7 Ke6 41. Bf4 Bxd6 42. Bxd6 Rxd6 43. Rc8 Nf6 44. Kf3 Rd2 45. g4 Ne4 46. gxf5+ gxf5 47. Rh8 Rxf2+ 48. Ke3 Ke5 49. Re8+ Kd5 50. Rxe4 fxe4 51. Kxf2 h5 52. h4 Ke5 53. Ke3 Kf5 54. Ke2 Kg4 55. Ke3 Kxh4 56. Kf4 Kh3 57. Kxe4 Kg3 58. Ke3 h4 59. Ke2 h3 60. Kf1 h2 0-1


[Site "https://www.chess.com"]

[Event "Titled Tuesday Blitz December 7 2021"]
[White "Nazari, Arad"]
[Black "Ozen, Bahadir"]
[WhiteFideId "12577324"]
[BlackFideId "6337058"]
[WhiteElo "2631"]
[BlackElo "2786"]
[Result "1/2-1/2"]
[Round "08"]
[TimeControl "180+1"]
[Date "2021.12.07"]
[WhiteClock "0:00:46"]
[BlackClock "0:00:49"]

1. e4 c6 2. Nf3 d5 3. Nc3 Bg4 4. h3 Bxf3 5. Qxf3 Nf6 6. Be2 e6 7. d3 Bb4 8. Bd2 O-O 9. O-O dxe4 10. Nxe4 Bxd2 11. Nxd2 Nbd7 12. Qg3 Qb8 13. Qxb8 Raxb8 14. d4 Rfd8 15. c3 e5 16. Nf3 exd4 17. Nxd4 Nc5 18. Bd1 Kf8 19. Bc2 g6 20. Rad1 a5 21. Rfe1 Re8 22. Rxe8+ Rxe8 23. Kf1 Re7 24. b4 Nce4 25. Bxe4 Nxe4 26. Ne2 Ke8 27. a3 Rd7 28. Rxd7 Kxd7 29. Ke1 axb4 30. axb4 c5 31. f3 Nf6 32. bxc5 Kc6 33. Kd2 Kxc5 34. Nf4 b5 35. Nd3+ Kd5 36. Nb4+ Kc5 37. Nd3+ Kd5 38. Nb4+ Kc5 39. Nd3+ 1/2-1/2


[Site "https://www.chess.com"]

[Event "Titled Tuesday Blitz December 7 2021"]
[White "Obolenskikh, Dmitry"]
[Black "Andreikin, Dmitry"]
[WhiteFideId "4156013"]
[BlackFideId "4158814"]
[WhiteElo "2807"]
[BlackElo "2989"]
[Result "0-1"]
[Round "08"]
[TimeControl "180+1"]
[Date "2021.12.07"]
[WhiteClock "0:00:18"]
[BlackClock "0:00:13"]

1. Nf3 Nf6 2. c4 e6 3. Nc3 d5 4. e3 a6 5. b3 c5 6. cxd5 exd5 7. Bb2 d4 8. Ne2 Nc6 9. exd4 Bf5 10. Ng3 Bg6 11. dxc5 Bxc5 12. Rc1 Qb6 13. d4 Bb4+ 14. Bc3 O-O 15. Be2 Ba3 16. d5 Nxd5 17. Qxd5 Bxc1 18. O-O Rfd8 19. Qc4 Bh6 20. h4 Rac8 21. Qg4 Ne7 22. Bd4 Qe6 23. Qxe6 fxe6 24. Bc4 Nd5 25. a4 Be8 26. Re1 b5 27. axb5 axb5 28. Bf1 Nf4 29. Be5 Nd3 30. Bxd3 Rxd3 31. b4 Rc1 32. Rxc1 Bxc1 33. Ne4 Bc6 34. Nc5 Rd1+ 35. Kh2 Bxf3 36. gxf3 Ba3 37. Nxe6 Bxb4 38. Nxg7 Bd6 39. Bxd6 Rxd6 40. Nf5 Rd3 41. Ne7+ Kf8 42. Nc6 Rxf3 43. Kg2 Rc3 44. Nb4 Rc4 45. Nd5 b4 46. Kf3 b3 0-1


[Site "https://www.chess.com"]

[Event "Titled Tuesday Blitz December 7 2021"]
[White "Pacheco Lugo, Alejandro Jose"]
[Black "Begunov, Konstantin"]
[WhiteFideId "3903745"]
[BlackFideId "4118510"]
[WhiteElo "2125"]
[BlackElo "2262"]
[Result "1-0"]
[Round "08"]
[TimeControl "180+1"]
[Date "2021.12.07"]
[WhiteClock "0:01:19"]
[BlackClock "0:00:10"]

1. e4 c5 2. Nf3 d6 3. d4 cxd4 4. Nxd4 Nf6 5. Nc3 a6 6. Be3 Ng4 7. Bg5 Nc6 8. Be2 Qb6 9. Bxg4 Qxd4 10. Be2 e6 11. O-O Be7 12. Be3 Qxd1 13. Raxd1 Bd7 14. Rd2 b5 15. f4 Rc8 16. a3 Na5 17. Bd4 f6 18. f5 Nc4 19. Bxc4 Rxc4 20. fxe6 Bxe6 21. Nd5 Kf7 22. b3 Rc6 23. Nb4 Rcc8 24. Nxa6 d5 25. exd5 Bxd5 26. b4 Bc4 27. Re1 Ra8 28. Bc5 Bxc5+ 29. Nxc5 Rxa3 30. Rd7+ Kg6 31. Ree7 Rg8 32. h4 Rc3 33. Ne4 Rxc2 34. Nd6 Rb2 35. g4 Rxb4 36. Nf5 h5 37. Rxg7+ Rxg7 38. Rxg7# 1-0


[Site "https://www.chess.com"]

[Event "Titled Tuesday Blitz December 7 2021"]
[White "Peng, Li Min"]
[Black "Perrine, Dalton"]
[WhiteFideId "14112620"]
[BlackFideId "2048434"]
[WhiteElo "2645"]
[BlackElo "2447"]
[Result "1-0"]
[Round "08"]
[TimeControl "180+1"]
[Date "2021.12.07"]
[WhiteClock "0:00:41"]
[BlackClock "0:00:02"]

1. d4 Nf6 2. c4 e6 3. Nc3 Bb4 4. e3 O-O 5. Bd2 d5 6. Nf3 b6 7. cxd5 exd5 8. Bd3 Bd6 9. O-O Re8 10. Qb1 Bb7 11. b4 Ne4 12. Rc1 Re6 13. Be1 a6 14. b5 a5 15. Ne2 Rh6 16. Ng3 Re6 17. Qb2 Nd7 18. a4 g6 19. Ne2 Qf6 20. Ng3 h5 21. Be2 h4 22. Nxe4 dxe4 23. Nd2 Qg5 24. h3 Nf6 25. Nc4 Bf8 26. Ne5 Nd5 27. Qb3 Rd8 28. Bc4 Qf6 29. Ra2 g5 30. Ng4 Qf5 31. Rac2 Bd6 32. Bc3 Qg6 33. Ne5 Bxe5 34. dxe5 1-0


[Site "https://www.chess.com"]

[Event "Titled Tuesday Blitz December 7 2021"]
[White "Pour Agha Bala, Amirreza"]
[Black "Horvath, Dominik"]
[WhiteFideId "12572896"]
[BlackFideId "1642561"]
[WhiteElo "2961"]
[BlackElo "2807"]
[Result "1-0"]
[Round "08"]
[TimeControl "180+1"]
[Date "2021.12.07"]
[WhiteClock "0:00:49"]
[BlackClock "0:00:03"]

1. d4 Nf6 2. c4 e6 3. Nf3 d5 4. g3 Be7 5. cxd5 exd5 6. Bg2 O-O 7. O-O c6 8. Qc2 Bg4 9. Nc3 Nbd7 10. h3 Bh5 11. Bf4 Bg6 12. Qb3 Qb6 13. Qxb6 axb6 14. Nh4 b5 15. Nxg6 hxg6 16. a3 Rfe8 17. Rfe1 Bf8 18. e4 dxe4 19. Nxe4 Nxe4 20. Bxe4 Nf6 21. Bf3 Rad8 22. Rxe8 Nxe8 23. Rd1 Nf6 24. Bg5 Be7 25. Kf1 Kf8 26. Ke2 Nd5 27. Bd2 Bf6 28. Ba5 Ra8 29. Be1 Re8+ 30. Kd3 Rd8 31. Ba5 Ra8 32. Bd2 Rd8 33. Be3 Nxe3 34. fxe3 c5 35. Bxb7 cxd4 36. e4 Be5 37. g4 Rd6 38. Bd5 Rf6 39. Ke2 Bg3 40. Rxd4 Rf2+ 41. Kd3 Be5 42. Rb4 Rxb2 43. Bb3 Bd6 44. Rxb5 Bxa3 45. Rb8+ Ke7 46. Rb7+ Kd6 47. Kc3 Rb1 48. Rxf7 Rh1 49. Rxg7 Rxh3+ 50. Kc4 Bb2 51. Rxg6+ Ke5 52. g5 Kxe4 53. Bc2+ Kf4 54. Bd3 Rg3 55. Rf6+ Kxg5 56. Rf1 Be5 57. Rf5+ Kg4 58. Rxe5 Rg1 59. Kd4 Ra1 60. Ke3 Ra3 61. Rb5 Kg3 62. Rg5+ Kh3 63. Rg8 Rb3 64. Ke4 Kh2 65. Be2 Rg3 66. Ra8 Kg2 67. Kf4 Rb3 68. Ra2 Rb4+ 69. Ke3 Kg3 70. Ra1 Kh4 71. Rg1 Rb3+ 72. Bd3 Kh3 73. Ke4 Ra3 74. Rg8 Kh2 75. Ke3 1-0


[Site "https://www.chess.com"]

[Event "Titled Tuesday Blitz December 7 2021"]
[White "Preotu, Razvan"]
[Black "Terry, Renato"]
[WhiteFideId "2613280"]
[BlackFideId "3803457"]
[WhiteElo "2791"]
[BlackElo "2927"]
[Result "1/2-1/2"]
[Round "08"]
[TimeControl "180+1"]
[Date "2021.12.07"]
[WhiteClock "0:00:09"]
[BlackClock "0:00:02"]

1. e4 g6 2. d4 Bg7 3. Nc3 c6 4. Be3 d5 5. e5 Nh6 6. Qd2 Nf5 7. Bf4 f6 8. Nf3 g5 9. Bg3 h5 10. h3 g4 11. hxg4 hxg4 12. Rxh8+ Bxh8 13. Nh4 Nxg3 14. Qh6 Kd7 15. fxg3 fxe5 16. Ng6 exd4 17. Nb5 Bf6 18. Nf8+ Ke8 19. Bd3 Qa5+ 20. Kf1 cxb5 21. Re1 Nc6 22. Nh7 Be5 23. Ng5 Qd2 24. Rxe5 Nxe5 25. Qh8+ Kd7 26. Qxe5 Qd1+ 27. Kf2 Qd2+ 28. Kf1 Kc6 29. Ne6 Qc1+ 30. Ke2 Qe3+ 31. Qxe3 dxe3 32. Nd4+ Kc5 33. Nxb5 e5 34. a3 d4 35. b4+ Kb6 36. c4 Kc6 37. Be4+ Kd7 38. c5 a5 39. Nd6 axb4 40. axb4 Ra2+ 41. Ke1 Kc7 42. b5 Ra1+ 43. Ke2 Ra2+ 44. Ke1 Rb2 45. b6+ Kb8 46. Nf7 Rb5 47. Nxe5 Rxc5 48. Nxg4 Rb5 49. Nf6 Rxb6 50. Nd5 Rd6 51. Nf4 Bd7 52. Ke2 Bb5+ 53. Kf3 Bc6 54. Bxc6 bxc6 55. g4 c5 56. g5 c4 57. g6 c3 58. g7 Rd8 59. Ne6 Rg8 60. Nxd4 Rxg7 61. Kxe3 Rd7 62. Nc2 Rd2 63. Nb4 Kb7 64. g4 Kb6 65. g5 Kc5 66. Nd3+ Kc4 67. Ne5+ Kb3 68. Nf3 Rg2 69. Kf4 c2 70. Nd4+ Kc3 71. Nxc2 Kxc2 72. Kf5 Kd3 73. g6 Kd4 74. Kf6 Rf2+ 75. Ke7 Re2+ 76. Kf7 Rf2+ 77. Ke7 Re2+ 78. Kf7 Ke5 79. g7 Rf2+ 80. Ke7 Rg2 81. Kf7 Rf2+ 82. Ke7 Rg2 83. Kf7 Rxg7+ 84. Kxg7 1/2-1/2


[Site "https://www.chess.com"]

[Event "Titled Tuesday Blitz December 7 2021"]
[White "Punin, Andrii"]
[Black "Przybylski, Wojciech"]
[WhiteFideId "14112639"]
[BlackFideId "1117599"]
[WhiteElo "2631"]
[BlackElo "2479"]
[Result "1-0"]
[Round "08"]
[TimeControl "180+1"]
[Date "2021.12.07"]
[WhiteClock "0:00:11"]
[BlackClock "0:00:12"]

1. e4 e5 2. Nf3 Nc6 3. Bb5 Nf6 4. O-O Nxe4 5. Re1 Nd6 6. Nxe5 Be7 7. Bf1 O-O 8. d4 Nf5 9. Nf3 d5 10. Nc3 h6 11. Ne2 Nh4 12. Nxh4 Bxh4 13. Nf4 Qd6 14. c3 Ne7 15. Qf3 Bf5 16. Bd3 Bxd3 17. Nxd3 Ng6 18. g3 Bf6 19. h4 c6 20. h5 Ne7 21. Bf4 Qd7 22. Be5 Qf5 23. Qxf5 Nxf5 24. Bxf6 gxf6 25. Nf4 Rfe8 26. Kf1 Nd6 27. Rxe8+ Nxe8 28. Re1 Kf8 29. f3 Nd6 30. g4 f5 31. Kf2 fxg4 32. fxg4 Ne4+ 33. Kg2 Re8 34. Nd3 Re7 35. Ne5 Nf6 36. Rf1 Kg7 37. Kf3 Ne4 38. Kf4 f6 39. Nf3 Nd6 40. Re1 Rxe1 41. Nxe1 Nc4 42. Nd3 Kf7 43. Kf3 Nd6 44. Nf2 Ke6 45. Kf4 a5 46. Nd3 b6 47. Kf3 Nc4 48. Kf4 Nd6 49. Nf2 Nc4 50. Nd1 Nd6 51. b3 Nb5 52. a4 Nd6 53. Ne3 Ne4 54. c4 Nd6 55. cxd5+ cxd5 56. Kf3 Nf7 57. Nf5 Ng5+ 58. Ke3 Nf7 59. Kd3 Kd7 60. Kc3 Kc6 61. b4 axb4+ 62. Kxb4 Kb7 63. Kb5 Kc7 64. Ng7 Nd6+ 65. Kb4 Ne4 66. Ne6+ Kc6 67. Nd8+ Kc7 68. Nf7 Nf2 69. Nxh6 Kc6 70. Nf7 Nxg4 71. h6 Nxh6 72. Nxh6 Kd6 73. Kb5 Kc7 74. Nf5 Kb7 75. Ne7 Kc7 76. Nxd5+ Kd6 77. Nxf6 Kc7 78. Nd5+ Kb7 79. Nxb6 Ka7 80. a5 Kb7 81. a6+ Ka7 82. Ka5 Kb8 83. d5 Ka7 84. d6 Kb8 85. d7 Ka7 86. Kb5 Kb8 87. d8=Q+ Ka7 88. Qc7# 1-0


[Site "https://www.chess.com"]